 Dungeon Crawl Stone Soup version 0.30-a0-715-gdb4ae3ece1 (webtiles) character file.

Game seed: 18128742236168863165

11270 Hubris850 the Severer (level 11, -3/84 HPs)
             Began as a Minotaur Fighter on Jan 24, 2023.
             Was a High Priest of Okawaru.
             Slain by a komodo dragon (16 damage)
             ... on level 1 of the Lair of Beasts.
             The game lasted 00:28:02 (9938 turns).

Hubris850 the Severer (Minotaur Fighter)            Turns: 9938, Time: 00:28:03

Health: -3/84      AC: 37    Str: 23    XL:     11   Next: 47%
Magic:  12/12      EV:  6    Int:  8    God:    Okawaru [*****.]
Gold:   802        SH:  7    Dex: 15    Spells: 10/10 levels left

rFire   . . .      SeeInvis .    J - +8 broad axe of the Omega Point {protect, rN++}
rCold   . . .      Faith    .    c - +0 buckler
rNeg    + + .      Spirit   .    s - +0 plate armour
rPois   +          Reflect  .    (helmet restricted)
rElec   +          Harm     .    T - +5 cloak of Ennout {Rampage}
rCorr   .          Rampage  +    G - +0 pair of gloves
Will    .....                    K - +1 pair of boots Stlth
                                 (no amulet)
HPRegen 0.34/turn                S - ring "Aqufregh" {rElec rPois AC+4 Int+3 Dex+3}
MPRegen 0.13/turn                R - +4 ring of protection

@: about to teleport, under a protective aura, studying 2 skills
A: horns 2, retaliatory headbutt
a: Renounce Religion, Heroism, Finesse, Duel


You were on level 1 of the Lair of Beasts.
You worshipped Okawaru.
Okawaru was extremely pleased with you.
You visited 2 branches of the dungeon, and saw 12 of its levels.
You also visited: Bailey.

You collected 802 gold pieces.

Inventory:

Hand Weapons
 b - the +12 pair of quick blades "Gyre" and "Gimble" {protect}
   (You found it on level 1 of the Lair of Beasts)
 I - a +3 scimitar of flaming
 J - the +8 broad axe of the Omega Point (weapon) {protect, rN++}
   (Okawaru gifted it to you on level 8 of the Dungeon)

   rN:        It greatly protects you from negative energy.
Missiles
 r - 14 poisoned darts (quivered)
 M - 4 boomerangs
 U - 2 curare-tipped darts
Armour
 a - +0 swamp dragon scales
 c - a +0 buckler (worn)
 s - a +0 plate armour (worn)
 G - a +0 pair of gloves (worn)
 K - a +1 pair of boots (worn)
 T - the +5 cloak of Ennout (worn) {Rampage}
   (Okawaru gifted it to you on level 10 of the Dungeon)

   Rampage:   It bestows one free step when moving towards enemies.
Jewellery
 E - a ring of resist corrosion
 R - a +4 ring of protection (right hand)
 S - the ring "Aqufregh" (left hand) {rElec rPois AC+4 Int+3 Dex+3}
   (You found it on level 10 of the Dungeon)

   [ring of protection]

   AC:        It affects your AC (+4).
   Int:       It affects your intelligence (+3).
   Dex:       It affects your dexterity (+3).
   rElec:     It insulates you from electricity.
   rPois:     It protects you from poison.
 W - a ring of see invisible
Wands
 y - a wand of quicksilver (14)
 H - a wand of iceblast (11)
 P - a wand of flame (11)
 V - a wand of paralysis (5)
Scrolls
 e - 9 scrolls of teleportation
 j - a scroll of blinking
 o - 3 scrolls of fear
 v - 4 scrolls of vulnerability
 B - a scroll of amnesia {unknown}
 L - a scroll of fog {unknown}
 N - a scroll of enchant armour {unknown}
 Q - a scroll of brand weapon {unknown}
Potions
 d - a potion of resistance {unknown}
 h - a potion of heal wounds {unknown}
 i - 5 potions of curing
 q - a potion of cancellation {unknown}
 u - 2 potions of berserk rage
 z - 2 potions of attraction
 A - a potion of magic {unknown}
 D - a potion of haste {unknown}


   Skills:
 - Level 4.0 Fighting
 * Level 16.3 Axes
 + Level 11.1 Throwing
 + Level 6.6 Armour
 + Level 11.5 Shields
 - Level 3.0 Invocations


You had 10 spell levels left.
You didn't know any spells.
Your spell library contained the following spells:

 Spells                   Type           Power      Damage    Failure   Level
 Apportation              Tloc           0%         N/A       100%        1
 Magic Dart               Conj           0%         1d3       100%        1
 Necrotise                Necr           0%         1d4       100%        1
 Slow                     Hex            0%         N/A       100%        1
 Scorch                   Fire           0%         2d5       100%        2
 Static Discharge         Conj/Air       0%         2-2/arc   100%        2
 Sublimation of Blood     Necr           0%         N/A       100%        2
 Wereblood                Tmut           0%         N/A       100%        2
 Confusing Touch          Hex            0%         N/A       100%        3
 Mephitic Cloud           Conj/Pois/Air  0%         N/A       100%        3
 Portal Projectile        Hex/Tloc       0%         N/A       100%        3
 Vampiric Draining        Necr           0%         2d6       100%        3
 Vhi's Electric Charge    Tloc/Air       0%         N/A       100%        3
 Flame Wave               Conj/Fire      0%         2d4       100%        4
 Leda's Liquefaction      Hex/Erth       0%         N/A       100%        4
 Arcjolt                  Conj/Air       0%         1d10      100%        5
 Blade Hands              Tmut           0%         N/A       100%        5
 Lightning Bolt           Conj/Air       0%         1d11      100%        5
 Orb of Destruction       Conj           0%         9d5       100%        7
 Summon Small Mammal      Summ           Unusable   N/A       N/A         1
 Call Imp                 Summ           Unusable   N/A       N/A         2
 Call Canine Familiar     Summ           Unusable   N/A       N/A         3
 Summon Guardian Golem    Hex/Summ       Unusable   N/A       N/A         3
 Tukima's Dance           Hex            Unusable   N/A       N/A         3
 Summon Cactus Giant      Summ           Unusable   N/A       N/A         6
 Spellforged Servitor     Conj/Summ      Unusable   N/A       N/A         7
 Summon Hydra             Summ           Unusable   N/A       N/A         7

Dungeon Overview and Level Annotations

Branches:
Dungeon (11/15)            Temple (0/1) D:6            Lair (1/5) D:8
    Orc (0/2) D:10         Bailey (visited)

Altars:
Cheibriados
Gozag
Hepliaklqana
Kikubaaqudgha
Okawaru
Qazlal
Ru
Sif Muna
Vehumet
Xom
Zin

Annotations:
D:9 3 runed translucent doors, Aneyh's ghost, novice TeMo; NinjaNoafa's ghost, novice MiFi; holysushi's ghost, journeyman FoHu; pokeman's ghost, novice DEHW


Innate Abilities, Weirdness & Mutations

You have a pair of horns on your head.
You reflexively headbutt those who attack you in melee.


Message History

The komodo dragon bites you! The komodo dragon barely misses you.
The death yak gores you but does no damage. x2
A death yak comes into view.
You completely miss the komodo dragon.
The death yak bellows!
Your headbutt misses the komodo dragon.
The komodo dragon is heavily wounded.
You hit the komodo dragon. You slash the death yak! You hit the death yak.
The komodo dragon bites you! The death yak gores you!
The death yak gores you but does no damage.
You slash the komodo dragon!
You headbutt the komodo dragon, but do no damage.
The komodo dragon is severely wounded.
You barely miss the death yak. You slice the death yak!!
You hit the komodo dragon.
The komodo dragon bites you but does no damage.
The komodo dragon hisses menacingly.
The komodo dragon bites you!
The death yak gores you but does no damage. x2
You hit the komodo dragon.
The komodo dragon is severely wounded.
You slash the komodo dragon! You hit the death yak but do no damage.
You completely miss the death yak. You block the komodo dragon's attack.
The komodo dragon bites you but does no damage.
You slice the komodo dragon!!
You kill the komodo dragon!
Okawaru accepts your kill.
You barely miss the death yak. You slash the komodo dragon!
You hit the death yak. The death yak gores you!
* * * LOW HITPOINT WARNING * * *
You block the death yak's attack.
As you read the scroll of teleportation, it crumbles to dust.
You feel strangely unstable. You block the komodo dragon's attack.
The death yak gores you but does no damage.
The death yak gores you!
* * * LOW HITPOINT WARNING * * *
The death yak attacks as you move away!
The death yak gores you but does no damage.
The komodo dragon bites you!
You die...

## ###. .... P.. #.. ####
..##[.# #... .......####
####### ##...
#....YYl@.###.....###....
.....#Y#l..#............#
... #..##.....###......#
. #.# ##...#####....##
... #..............# ....
###............. #...!
##########.... #..#.
##... ##..


You could see 3 death yaks and 2 komodo dragons.

Vanquished Creatures
  2 two-headed ogres
  Erica (D:8)
  3 death yaks (D:8)
  Pikel (D:7)
  Joseph (D:8)
  Maggie (Lair:1)
  A komodo dragon (Lair:1)
  2 trolls
  4 wyverns
  8 yaks
  A steam dragon (D:8)
  A water moccasin (Lair:1)
  5 orc warriors
  2 black bears
  3 sky beasts
  An ice beast (D:6)
  2 ogres (D:6)
  2 centaurs
  3 phantoms
  The ghost of rogsnak the Digger, an amateur BaEE (D:3)
  4 lemures
  3 kobold brigands
  3 bullfrogs
  A necrophage (D:8)
  A scorpion (D:6)
  2 gnoll sergeants
  13 wights
  3 howler monkeys
  5 hounds
  3 orc priests
  3 jellies
  A gnoll bouda (D:6)
  An iguana (D:6)
  Ijyb (D:5)
  7 orc wizards
  A hell rat (D:8)
  18 gnolls
  2 river rats (D:8)
  9 adders
  2 ufetubi
  3 worms
  4 dart slugs
  36 orcs
  9 ball pythons
  3 bats
  9 endoplasms
  4 giant cockroaches
  7 goblins
  9 hobgoblins
  6 jackals
  A quokka (D:2)
  2 frilled lizards (D:2)
  17 kobolds
  5 rats
243 creatures vanquished.

Vanquished Creatures (others)
  2 withered plants (D:9)
2 creatures vanquished.

Grand Total: 245 creatures vanquished

Notes
Turn   | Place    | Note
-------+----------+-------------------------------------------
     0 | D:1      | Hubris850 the Minotaur Fighter began the quest for the Orb.
     0 | D:1      | Reached XP level 1. HP: 19/19 MP: 0/0
    22 | D:1      | Reached XP level 2. HP: 23/27 MP: 1/1
   307 | D:1      | Reached skill level 3 in Axes
   348 | D:1      | Reached XP level 3. HP: 33/33 MP: 2/2
   941 | D:2      | Reached XP level 4. HP: 30/40 MP: 3/3
  1007 | D:2      | Found a faded altar of an unknown god.
  1118 | D:2      | Found a snail-covered altar of Cheibriados.
  1629 | D:3      | Found an opulent altar of Gozag.
  1751 | D:3      | Found an iron altar of Okawaru.
  1763 | D:3      | Became a worshipper of Warmaster Okawaru
  1771 | D:3      | Reached skill level 4 in Axes
  1771 | D:3      | Reached XP level 5. HP: 34/46 MP: 4/4
  1896 | D:3      | Found a runed translucent door.
  1896 | D:3      | Noticed rogsnak's ghost (amateur BaEE)
  1911 | D:3      | Killed rogsnak's ghost
  1912 | D:3      | Reached skill level 5 in Armour
  1912 | D:3      | Reached skill level 5 in Shields
  2677 | D:4      | Found a stormy altar of Qazlal.
  2679 | D:4      | Noticed a fire elemental
  2679 | D:4      | Noticed an air elemental
  2679 | D:4      | Noticed a water elemental
  2710 | D:4      | Reached skill level 1 in Throwing
  2748 | D:4      | Reached XP level 6. HP: 52/52 MP: 5/5
  2891 | D:4      | Found a sacrificial altar of Ru.
  2925 | D:5      | Entered Level 5 of the Dungeon
  2937 | D:5      | Reached skill level 5 in Axes
  3063 | D:5      | Reached * piety under Okawaru
  3147 | D:5      | Noticed Ijyb
  3152 | D:5      | Reached XP level 7. HP: 55/59 MP: 6/6
  3153 | D:5      | Reached skill level 6 in Axes
  3153 | D:5      | Killed Ijyb
  3360 | D:5      | You fall into a shaft and drop 1 floor!
  3360 | D:6      | Found a staircase to the Ecumenical Temple.
  3376 | D:6      | Reached skill level 5 in Throwing
  3666 | D:6      | Noticed a wyvern
  3674 | D:6      | Killed a wyvern
  3674 | D:6      | Reached ** piety under Okawaru
  3675 | D:6      | Reached skill level 7 in Axes
  3722 | D:6      | Reached skill level 8 in Axes
  3722 | D:6      | Reached XP level 8. HP: 54/66 MP: 7/7
  3836 | D:6      | Reached skill level 9 in Axes
  3863 | D:6      | Found a glowing silver altar of Zin.
  4099 | D:6      | Reached skill level 10 in Axes
  4237 | D:6      | Reached skill level 1 in Invocations
  4249 | D:6      | Reached *** piety under Okawaru
  4545 | D:7      | Identified a scroll of acquirement
  4545 | D:7      | Acquired a manual of Shields
  4611 | D:7      | Found a hazy altar of Hepliaklqana.
  4697 | D:7      | Reached skill level 11 in Axes
  4703 | D:7      | Found a flagged portal.
  4743 | Bailey   | Entered a bailey
  4800 | Bailey   | Reached XP level 9. HP: 41/71 MP: 10/10
  5288 | D:7      | Reached skill level 12 in Axes
  5773 | D:7      | Found a shimmering blue altar of Sif Muna.
  6027 | D:8      | Noticed Pikel
  6060 | D:7      | Killed Pikel
  6061 | D:7      | Reached skill level 13 in Axes
  6477 | D:8      | Noticed a death yak
  6477 | D:8      | Noticed a death yak
  6484 | D:8      | Noticed a death yak
  6489 | D:8      | Killed a death yak
  6489 | D:8      | Reached **** piety under Okawaru
  6490 | D:8      | Reached skill level 14 in Axes
  6499 | D:8      | Killed a death yak
  6500 | D:8      | Reached XP level 10. HP: 59/78 MP: 11/11
  6512 | D:8      | Killed a death yak
  6540 | D:8      | Found a staircase to the Lair.
  6911 | D:8      | Noticed Erica
  6925 | D:8      | Killed Erica
  6925 | D:8      | Reached ***** piety under Okawaru
  6926 | D:8      | Reached skill level 10 in Shields
  7277 | D:8      | Noticed Joseph
  7290 | D:8      | Killed Joseph
  7290 | D:8      | Identified the +8 broad axe of the Omega Point {protect,
                  | rN++} (Okawaru gifted it to you on level 8 of the Dungeon)
  7290 | D:8      | Received a gift from Okawaru
  7345 | D:8      | Noticed a two-headed ogre
  7352 | D:8      | Killed a two-headed ogre
  7353 | D:8      | Reached skill level 15 in Axes
  7353 | D:8      | Reached skill level 10 in Throwing
  7975 | D:9      | Noticed a two-headed ogre
  7983 | D:9      | Killed a two-headed ogre
  7984 | D:9      | Reached XP level 11. HP: 84/84 MP: 12/12
  8207 | D:9      | Noticed holysushi's ghost (journeyman FoHu)
  8208 | D:9      | Found a runed translucent gate.
  8209 | D:9      | Found a runed translucent gate.
  8209 | D:9      | Found a runed translucent gate.
  8209 | D:9      | Noticed Aneyh's ghost (novice TeMo)
  8209 | D:9      | Noticed NinjaNoafa's ghost (novice MiFi)
  8209 | D:9      | Noticed pokeman's ghost (novice DEHW)
  8789 | D:9      | Found a shimmering altar of Xom.
  9100 | D:10     | Entered Level 10 of the Dungeon
  9128 | D:10     | Found a radiant altar of Vehumet.
  9128 | D:10     | Found an ancient bone altar of Kikubaaqudgha.
  9250 | D:10     | Reached skill level 16 in Axes
  9342 | D:10     | Identified the ring "Aqufregh" {rElec rPois AC+4 Int+3
                  | Dex+3}
  9431 | D:10     | Identified the +5 cloak of Ennout {Rampage} (Okawaru gifted
                  | it to you on level 10 of the Dungeon)
  9431 | D:10     | Received a gift from Okawaru
  9581 | D:10     | Found a staircase to the Orcish Mines.
  9720 | D:11     | Identified the +1 leather armour "Liubiwur" {rElec rF+++
                  | rC-}
  9788 | Lair:1   | Entered Level 1 of the Lair of Beasts
  9833 | Lair:1   | Noticed Maggie
  9844 | Lair:1   | Killed Maggie
  9910 | Lair:1   | Found the +12 pair of quick blades "Gyre" and "Gimble"
                  | {protect}
  9925 | Lair:1   | Noticed a death yak
  9925 | Lair:1   | Noticed a death yak
  9932 | Lair:1   | Noticed a death yak
  9938 | Lair:1   | Slain by a komodo dragon

Illustrated notes

Levels and vault maps discovered:
D:1:      sevenhm_arrival_forest_fort_small_6, layout_loops_ring
D:2:      layout_loops_ring, basic_ecumenical_altar, basic_altar,
          reono_crystal_passage
D:3:      layout_basic, nicolae_gozag_seed_capital, okawaru_gym_becter,
          gammafunk_ghost_grave, glass_columns_b
D:4:      layout_rooms, nicolae_ru_path_of_blood,
          nicolae_qazlal_style_of_elements
D:5:      layout_rooms, hex_intersection, uniq_ijyb
D:6:      layout_rooms, zin_treasury, minmay_temple_entry_wispy,
          minmay_fractal_squares_diagonal_5
D:7:      layout_basic, amcnicky_altar_gilded, lemuel_blue_sif_altar,
          enter_bailey_8
D:8:      layout_loops_corners, dpeg_lair_monsters, uniq_joseph, uniq_pikel,
          uniq_erica
D:9:      layout_layer_cave, tgw_xom, gammafunk_ghost_cemetery
D:10:     layout_roguey, gammafunk_temple_overflow_pools, orc_0_dummy
D:11:     layout_roguey, chequers_serial_rivers_small_3, uniq_psyche,
          uniq_gastronok
Lair:1:   layout_layer_cave, ebering_ghost_rock_garden, gauntlet_entry_generic,
          beast_lair_carwin_8, uniq_maggie

Skill      XL: |  1  2  3  4  5  6  7  8  9 10 11 |
---------------+----------------------------------+-----
Armour         | 4 5 6 |  6.6
Fighting       | 4 |  4.0
Shields        | 4 5 6 8 10 11 | 11.5
Axes           | 3 4 5 8 11 14 15 16 | 16.3
Throwing       | 1 4 6 7 10 11 | 11.1
Invocations    | 3 |  3.0

Action                     |  1- 3 |  4- 6 |  7- 9 | 10-12 || total
---------------------------+-------+-------+-------+-------++-------
  Melee: War axe           |    69 |   152 |   241 |    83 ||   545
         Headbutt          |    11 |    21 |    48 |    37 ||   117
         Broad axe         |       |       |       |   140 ||   140
  Throw: Dart              |       |       |    10 |     3 ||    13
 Invoke: Heroism           |       |       |     3 |     2 ||     5
    Use: Potion            |       |       |     5 |       ||     5
         Scroll            |       |       |    16 |     4 ||    20
 Armour: Scale mail        |    28 |    39 |       |       ||    67
         Plate armour      |       |    56 |   162 |    87 ||   305
  Dodge: Dodged            |    32 |    59 |    80 |    46 ||   217
  Block: Buckler           |    11 |    26 |    57 |    60 ||   154

Table legend: (Time is in decaauts)
 A = Elapsed time spent in this place.
 B = Non-inter-level travel time spent in this place.
 C = Inter-level travel time spent in this place.
 D = Time resting spent in this place.
 E = Time spent auto-exploring this place.
 F = Levels seen in this place.
 G = Mean time per level.
                   A        B        C        D        E       F      G
               +--------+--------+--------+--------+--------+-----+--------+
         Total |   9960 |   9631 |    329 |   1679 |   6049 |  13 |  766.2 |
       Dungeon |   9613 |   9284 |    329 |   1538 |   6049 |  11 |  873.9 |
          Lair |    146 |    146 |      0 |     46 |      0 |   1 |  146.0 |
        Bailey |    201 |    201 |      0 |     95 |      0 |   1 |  201.0 |
               +--------+--------+--------+--------+--------+-----+--------+

Top non-repeatable levels by time:
     D:8: 1622 daAuts
     D:7: 1458 daAuts
     D:9: 1281 daAuts
     D:6: 956 daAuts
     D:3: 919 daAuts
     D:2: 841 daAuts
     D:1: 792 daAuts
    D:10: 616 daAuts
     D:5: 564 daAuts
     D:4: 541 daAuts
  Bailey: 201 daAuts
  Lair:1: 146 daAuts
    D:11: 17 daAuts
